 Dungeon Crawl Stone Soup version 0.32-a0-433-g08bcfe7efd (webtiles) character file.

Game seed: 14416101217378221453

28 jasper the Chopper (level 3, -3/29 HPs)
             Began as a Coglin Chaos Knight on Feb 23, 2024.
             Was a Plaything of Xom.
             Killed from afar by Ijyb (14 damage)
             ... with a bolt of light
             ... on level 3 of the Dungeon.
             The game lasted 00:01:38 (1191 turns).

jasper the Chopper (Coglin Chaos Knight)            Turns: 1191, Time: 00:01:38

Health: -3/29      AC:  1    Str: 12    XL:     3   Next: 12%
Magic:  3/3        EV: 11    Int: 11    God:    Xom [.*....]
Gold:   83         SH:  0    Dex: 13    Spells: 2/2 levels left

rFire   . . .        m - +0 war axe {Olga}
rCold   . . .        r - +0 war axe {Svenja}
rNeg    . . .        p - +0 toga "Victory" {*Victory Clar}
rPois   .            (no helmet)
rElec   .            (no cloak)
rCorr   .            (no gloves)
SInv    .            (no boots)
Will    .....        (no amulet)
Stlth   +            (no ring)
HPRegen 0.24/turn    (no ring)
MPRegen 0.08/turn

%: clarity
@: lethally poisoned (-3 -> -9), immotile, revving
A: off-hand wielding, slow wielding, warmup strikes, legs shutdown, deformed
body, weak 1, evolution 1
a: Renounce Religion


You were on level 3 of the Dungeon.
You worshipped Xom.
You were a plaything of Xom.
You visited 1 branch of the dungeon, and saw 3 of its levels.

You collected 83 gold pieces.

Inventory:

Hand Weapons
 a - a +0 hand axe of chaos {Cipactli}
 g - a +0 hand axe {Illuratum}
 m - a +0 war axe (weapon) {Olga}
 r - a +0 war axe (offhand) {Svenja}
Missiles
 d - 3 javelins (quivered)
 e - 18 stones
Armour
 b - a +2 leather armour
 l - a +0 plate armour
 p - the +0 toga "Victory" (worn) {*Victory Clar}
   (You found it on level 2 of the Dungeon)

   *Victory:  When the wearer kills a threatening monster, it has a chance to
   gain +1 AC, +1 Slay, and +1 Int, capping at +7.
   When the wearer uses a scroll or a potion with a hostile monster in sight,
   its bonuses reset to +0.
   Unequipping it also resets its bonuses to +0.
   Clar:      It protects you from confusion, rage, mesmerisation and fear.
Scrolls
 f - 2 scrolls of enchant armour {unknown}
 h - a scroll of fear {unknown}
 k - a scroll of identify {unknown}
 s - a scroll of poison {unknown}
Potions
 c - 2 potions of curing {unknown}
 i - a potion of cancellation {unknown}
 j - 2 potions of ambrosia {unknown}
 n - a potion of invisibility {unknown}
 o - a potion of mutation {unknown}
 q - a potion of attraction {unknown}


   Skills:
 + Level 3.4 Fighting
 * Level 3.8 Axes
 - Level 1.7 Armour
 - Level 0.8 Dodging


You had 2 spell levels left.
You didn't know any spells.
Your spell library was empty.

Dungeon Overview and Level Annotations

Branches:
Dungeon (3/15)

Altars:
The Shining One

Annotations:
D:3 Ijyb


Innate Abilities, Weirdness & Mutations

You can wield a second weapon in your off-hand.
It takes a long time for you to wield or remove held weapons.
Your first few attacks do less damage.
Attacking and casting redirects power from your legs.
Armour fits poorly on your strangely shaped body.
You are weak. (Str -2)
You have hidden genetic potential.


Message History

You see here a +0 war axe.
r - a +0 war axe You're wielding all the weapons you can.
Replace which one? (? for menu, Esc to cancel) < or
m - a +0 war axe {Olga}; > or
g - a +0 hand axe {Illuratum} You start parting from your weapon.
You continue parting from your +0 hand axe {Illuratum}. x4
You whisper farewell to Illuratum.
You finish parting from your +0 hand axe {Illuratum}.
You start attuning to your weapon.
You continue attuning to your +0 war axe. x5
You finish attuning to your +0 war axe.
You welcome your +0 war axe "Svenja" into your grasp.
s - a scroll labelled WERHUWK XESMER
Found a stone staircase leading down.
f - 2 scrolls labelled EPTAVV HYME (gained 1) Ijyb the Inquisitive comes into view.
She is wielding a +0 dagger and carrying a wand of light.
Ijyb shouts!
You hear an angry hiss.
An adder comes into view.
You aren't carrying any items that you can evoke.
Okay, then.
Found a glowing spear.
Found a stone staircase leading up.
There is a stone staircase leading down here.
Found a fizzy white potion and 15 gold pieces.
Ijyb zaps a wand.
The bolt of light hits you!
You take 12 damage, and have 17/29 hp.
MASSIVE DAMAGE!!
You hit Ijyb with your +0 war axe.
Ijyb is lightly wounded.
You slash Ijyb with your +0 war axe! Ijyb hits you with a +0 dagger.
You take 3 damage, and have 14/29 hp.
You barely miss Ijyb with your +0 war axe.
Ijyb is heavily wounded.
You hit the adder but do no damage. You hit Ijyb with your +0 war axe.
You hit the adder with your +0 war axe. Ijyb barely misses you.
The adder bites you.
You are poisoned.
The adder poisons you!
Ijyb zaps a wand.
The bolt of light hits you!
You die...
Ijyb screams, "Time for next experiment!"
Xom cackles wildly!

#.# ... ..##.... ##
........ .# ..#####. ..
...# #.. .# ...##..# ..#
#....... #.#
#.<#.......######g.####.
#....### #......@S..<...
..#..##########>.#.....!
........................
..................###.#.
...............##.....#
............#..# ....#
............#.## .##.#
..............# $) .#
............... # #


You could see Ijyb and an adder.

Vanquished Creatures
  3 ball pythons
  3 bats (D:1)
  4 endoplasms
  2 goblins (D:1)
  2 hobgoblins (D:1)
  2 jackals (D:1)
  2 quokkas (D:1)
  A frilled lizard (D:3)
  2 kobolds
  3 rats
24 creatures vanquished.

Notes
Turn   | Place    | Note
-------+----------+-------------------------------------------
     0 | D:1      | jasper the Coglin Chaos Knight began the quest for the Orb.
     0 | D:1      | Reached XP level 1. HP: 18/18 MP: 1/1
   138 | D:1      | Reached XP level 2. HP: 24/24 MP: 2/2
   708 | D:1      | XOM: give mutations
   708 | D:1      | Gained mutation: Armour fits poorly on your strangely
                  | shaped body. [Xom's mischief]
   708 | D:1      | Gained mutation: You are weak. (Str -2) [Xom's mischief]
   708 | D:1      | Gained mutation: You have hidden genetic potential. [Xom's
                  | mischief]
   903 | D:1      | XOM: torment (13/24 hp)
  1070 | D:2      | Found the +0 toga "Victory" {*Victory Clar}
  1079 | D:2      | Reached XP level 3. HP: 25/29 MP: 3/3
  1102 | D:2      | a ribbon worm changed into a steam dragon
  1102 | D:2      | Noticed a steam dragon
  1102 | D:2      | XOM: polymorph ribbon worm -> steam dragon
  1120 | D:3      | Found a glowing golden altar of the Shining One.
  1187 | D:3      | Noticed Ijyb
  1191 | D:3      | Killed from afar by Ijyb

Illustrated notes

Levels and vault maps discovered:
D:1:      minmay_arrival_radiant_lines, layout_loops_corners
D:2:      layout_basic, corner_web_ring, uniq_crazy_yiuf_cottage
D:3:      layout_rooms, fedhas_altar_3, lemuel_crystal_altar,
          hellmonk_ecumenical_altar_arch_garden, uniq_ijyb

Action                     || total
---------------------------++-------
  Melee: Hand axe          ||    56
         War axe           ||    17
    Use: Scroll            ||     1
   Stab: Paralysed         ||     1
 Armour: Leather armour    ||    21
         Robe              ||     6
  Dodge: Dodged            ||    30

Table legend: (Time is in decaauts)
 A = Elapsed time spent in this place.
 B = Non-inter-level travel time spent in this place.
 C = Inter-level travel time spent in this place.
 D = Time resting spent in this place.
 E = Time spent auto-exploring this place.
 F = Levels seen in this place.
 G = Mean time per level.
                   A        B        C        D        E       F      G
               +--------+--------+--------+--------+--------+-----+--------+
         Total |   1197 |   1127 |     70 |      0 |    876 |   3 |  399.0 |
       Dungeon |   1197 |   1127 |     70 |      0 |    876 |   3 |  399.0 |
               +--------+--------+--------+--------+--------+-----+--------+

Top non-repeatable levels by time:
     D:1: 1071 daAuts
     D:3: 77 daAuts
     D:2: 48 daAuts
